 Seeded DCSS version 0.29.1-2-gbd0b4ee654 (webtiles) character file.

Game seed: 1 (custom seed)

45 Kazon the Trooper (level 3, 0/29 HPs)
             Began as a Demonspawn Berserker on Nov 14, 2022.
             Was a Believer of Trog.
             Succumbed to a kobold's poison
             ... on level 2 of the Dungeon.
             The game lasted 00:04:38 (1099 turns).

Kazon the Trooper (Demonspawn Berserker)            Turns: 1099, Time: 00:04:39

Health: 0/29       AC: 14    Str: 19    XL:     3   Next: 42%
Magic:  3/3        EV: 25    Int: 12    God:    Trog [**....]
Gold:   167        SH:  0    Dex:  8    Spells: 2/2 levels left

rFire   . . .      SeeInvis .   a - +0 falchion
rCold   . . .      Faith    .   (no shield)
rNeg    + . .      Spirit   .   c - +4 scale mail of the Fletcher {rElec rN+ Int+4 Dex-4}
rPois   .          Reflect  .   h - +0 helmet
rElec   +          Harm     .   (no cloak)
rCorr   .          Rampage  .   (no gloves)
Will    .....                   j - +2 pair of boots
Stlth   ..........              b - amulet of the acrobat
HPRegen 0.09/turn               (no ring)
MPRegen 0.08/turn               (no ring)

@: lethally poisoned (0 -> -7), on berserk cooldown, acrobatic, slowed, very
slow
A: powered by death 1, spiny 1
a: Renounce Religion, Berserk, Trog's Hand


You were on level 2 of the Dungeon.
You worshipped Trog.
Trog was pleased with you.
You visited 1 branch of the dungeon, and saw 2 of its levels.

You collected 167 gold pieces.

Inventory:

Hand Weapons
 a - a +0 falchion (weapon)
Missiles
 g - 11 stones (quivered)
 l - 3 boomerangs
Armour
 c - the +4 scale mail of the Fletcher (worn) {rElec rN+ Int+4 Dex-4}
   (You acquired it on level 1 of the Dungeon)

   Int:       It affects your intelligence (+4).
   Dex:       It affects your dexterity (-4).
   rElec:     It insulates you from electricity.
   rN:        It protects you from negative energy.
 h - a +0 helmet (worn)
 j - a +2 pair of boots (worn)
Jewellery
 b - an amulet of the acrobat (around neck)
Scrolls
 k - a scroll of immolation {unknown}
Potions
 d - a potion of haste {unknown}
 e - a potion of flight {unknown}
 f - a potion of attraction {unknown}


   Skills:
 + Level 3.4 Fighting
 + Level 3.4 Long Blades
 + Level 2.0 Armour
 + Level 2.1 Dodging


You had 2 spell levels left.
You didn't know any spells.
Your spell library was empty.

Dungeon Overview and Level Annotations

Branches:
Dungeon (2/15)

Altars:


Innate Abilities, Weirdness & Mutations

You regenerate a little health from kills.
You are partially covered in sharp spines.


Message History

The kobold hits you but does no damage.
You are more poisoned.
You barely miss the kobold.
You feel very sick. The kobold is struck by your spines.
The kobold hits you with a +2 dagger of venom.
You are lethally poisoned!
You barely miss the kobold.
The kobold is severely wounded.
You feel very sick. The kobold hits you but does no damage.
You are more poisoned.
You barely miss the kobold.
The kobold is severely wounded.
You feel very sick. The kobold barely misses you.
You barely miss the kobold.
The kobold is severely wounded.
* * * LOW HITPOINT WARNING * * *
You feel very sick. The kobold is struck by your spines.
You kill the kobold!
Trog accepts your kill.
It was a potion of berserk rage.
A red film seems to cover your vision as you go berserk!
You feel yourself moving faster!
You feel mighty!
* * * LOW HITPOINT WARNING * * *
You feel very sick.
You feel a strong urge to attack something.
* * * LOW HITPOINT WARNING * * *
You feel sick.
* * * LOW HITPOINT WARNING * * *
You feel sick.
You feel your anger nearly subside.
* * * LOW HITPOINT WARNING * * *
You feel sick.
You are no longer berserk.
You are exhausted.
You feel yourself slow down.
You die...

# ############
........)..###########
##########......@...:#
# #.>########.# #
#.... #)# ##.### #.#
#.# #.# #[# #.# #..
#.# #.# #.# #.#


There were no monsters in sight!

Vanquished Creatures
  An adder (D:2)
  A worm (D:2)
  6 endoplasms
  A giant cockroach (D:1)
  6 goblins
  4 hobgoblins
  2 kobolds
  A quokka (D:1)
  A ball python (D:2)
  2 bats
  2 frilled lizards (D:2)
  3 rats (D:1)
30 creatures vanquished.

Notes
Turn   | Place    | Note
-------+----------+-------------------------------------------
     0 | D:1      | Kazon the Demonspawn Berserker began the quest for the Orb.
     0 | D:1      | Reached XP level 1. HP: 18/18 MP: 1/1
    33 | D:1      | Identified a scroll of acquirement
    33 | D:1      | Acquired the +4 scale mail of the Fletcher {rElec rN+ Int+4
                  | Dex-4}
   164 | D:1      | Gained mutation: You are partially covered in sharp spines.
                  | [demonic ancestry]
   164 | D:1      | Reached XP level 2. HP: 24/24 MP: 2/2
   863 | D:2      | Gained mutation: You regenerate a little health from kills.
                  | [demonic ancestry]
   863 | D:2      | Reached XP level 3. HP: 27/29 MP: 3/3
  1073 | D:2      | Reached ** piety under Trog
  1097 | D:2      | HP: 2/43 [poisoned by a kobold]
  1099 | D:2      | Succumbed to a kobold's poison

Illustrated notes

Levels and vault maps discovered:
D:1:      dpeg_arrival_three_smaller_balls, layout_basic
D:2:      layout_loops_ring

Skill      XL: |  1  2 |
---------------+-------+-----
Long Blades    | 3 |  3.4
Dodging        | 2 |  2.1
Armour         | 2 |  2.0
Fighting       | |  3.4

Action                   || total
-------------------------++-------
Melee: Falchion          ||    67
       Punch             ||     2
Throw: Stone             ||     1
  Use: Scroll            ||     1
       Potion            ||     1
Armor: Animal skin       ||    11
       Scale mail        ||    20
Dodge: Dodged            ||    34
